 Dungeon Crawl Stone Soup version 0.31.0-9-g3a7656b989 (webtiles) character file.

Game seed: 5425734783667727719

126 qw the Shooter (level 4, -2/36 HPs)
             Began as a Demigod Hunter on Feb 2, 2024.
             Slain by an orc
             ... wielding a +0 heavy hand axe
              (9 damage)
             ... on level 3 of the Dungeon.
             The game lasted 00:00:07 (1743 turns).

qw the Shooter (Demigod Hunter)                     Turns: 1743, Time: 00:00:07

Health: -2/36      AC:  5    Str: 12    XL:     4   Next: 55%
Magic:  6/6        EV: 11    Int: 11    God:
Gold:   216        SH:  0    Dex: 21    Spells: 3/3 levels left

rFire   . . .        a - +0 shortbow
rCold   . . .        (shield currently unavailable)
rNeg    . . .        d - +0 ring mail
rPois   .            (no helmet)
rElec   .            (no cloak)
rCorr   .            (no gloves)
SInv    .            (no boots)
Will    .....        (no amulet)
Stlth   +            (no ring)
HPRegen 0.26/turn    (no ring)
MPRegen 0.10/turn

%: no passive effects
@: no status effects
A: high MP 1, forlorn, divine attributes
a: no special abilities


You were on level 3 of the Dungeon.
You visited 1 branch of the dungeon, and saw 3 of its levels.

You collected 216 gold pieces.


Innate Abilities, Weirdness & Mutations

You have an increased reservoir of magic. (+10% MP)
You shall have no god before yourself.
Your divine heritage dramatically boosts your attributes as you level up.


   Skills:
 - Level 2.0 Fighting
 + Level 5.2 Ranged Weapons
 - Level 1.0 Armour
 - Level 2.1 Dodging
 - Level 0.8 Stealth


You had 3 spell levels left.
You didn't know any spells.
Your spell library was empty.

Inventory:

Hand Weapons
 a - a +0 shortbow (weapon)
Armour
 d - a +0 ring mail (worn)
Jewellery
 e - a ring of ice
Scrolls
 b - 2 scrolls of identify
 c - 3 scrolls of enchant weapon {unknown}
Potions
 f - a potion of brilliance {unknown}
 g - a potion of curing
 j - a potion of mutation

Dungeon Overview and Level Annotations

Branches:
Dungeon (3/15)


Message History

You kill the ball python!
The hobgoblin closely misses you.
You shoot an arrow.
The arrow hits the orc but does no damage.
The hobgoblin misses you.
The hobgoblin hits you but does no damage.
The orc hits you with a +0 heavy hand axe.
You shoot an arrow. The arrow barely misses the orc.
The orc hits you from afar with a +0 trident.
The orc barely misses you. The hobgoblin closely misses you.
You shoot an arrow. The arrow hits the orc.
The orc is moderately wounded.
The orc closely misses you.
The orc hits you from afar with a +0 trident.
The orc barely misses you. The hobgoblin barely misses you.
The orc hits you but does no damage.
You shoot an arrow. The arrow hits the orc.
The orc is heavily wounded.
The orc hits you but does no damage.
The orc hits you with a +0 heavy hand axe.
The orc misses you. The orc barely misses you.
The hobgoblin closely misses you.
You shoot an arrow. The arrow hits the orc.
The orc is almost dead.
The orc closely misses you. The orc barely misses you.
The orc closely misses you. The hobgoblin closely misses you.
The orc hits you but does no damage. The hobgoblin hits you.
The orc hits you with a +2 short sword of flaming.
The orc burns you. The orc closely misses you.
The orc hits you with a +0 short sword.
You shoot an arrow. The arrow closely misses the orc.
The orc hits you from afar with a +0 trident.
The orc misses you. The orc barely misses you. The hobgoblin hits you.
The orc barely misses you.
You shoot an arrow. The arrow hits the orc.
You kill the orc!
The orc hits you from afar with a +0 trident.
The hobgoblin hits you but does no damage.
The orc hits you but does no damage.
The orc hits you with a +0 heavy hand axe!
You die...

...... .....
.... ... ### ##
#####.. ..# ...
...>o _.# #.#
#go### ..# #.#
#o@).# # ''#
#.# #....#.#
..###.#
####....#.###.#
#.'.#.#
..##..........#
#.'...# #
#.##..#.#.####
#.'.#.#
#.#.##....#.#
..###.#
#.#.###.###.#
++# #.#
#...........#
#.#
###.###.#####


You could see 3 orcs and a hobgoblin.

Vanquished Creatures
  3 gnolls (D:2)
  3 adders
  A dart slug (D:1)
  3 ribbon worms
  2 orcs (D:3)
  4 endoplasms
  2 giant cockroaches
  4 goblins
  3 hobgoblins (D:3)
  7 jackals
  2 quokkas
  6 ball pythons
  6 bats
  5 frilled lizards
  4 kobolds
  7 rats
62 creatures vanquished.

Notes
Turn   | Place    | Note
-------+----------+-------------------------------------------
     0 | D:1      | qw the Demigod Hunter began the quest for the Orb.
     0 | D:1      | Reached XP level 1. HP: 17/17 MP: 3/3
     0 | D:1      | 0 ||| qw: Version: 0.3-a-155-g5e7d8dd
     0 | D:1      | 0 ||| qw: Game counter: 449
     0 | D:1      | 0 ||| qw: Melee chars always use a shield: true
     0 | D:1      | 0 ||| qw: God list: Okawaru
     0 | D:1      | 0 ||| qw: Allow faded altars: false
     0 | D:1      | 0 ||| qw: Do Orc after clearing Dungeon:15 true
     0 | D:1      | 0 ||| qw: Do second Lair branch before Depths: true
     0 | D:1      | 0 ||| qw: Lair rune preference: random
     0 | D:1      | 0 ||| qw: Goals: Normal
     0 | D:1      | 0 ||| PLANNING D:1-11
   111 | D:1      | Reached skill level 4 in Ranged Weapons
   167 | D:1      | Reached XP level 2. HP: 21/24 MP: 4/4
   690 | D:1      | 690 ||| READING scroll labelled BUKLAEFUNU.
   691 | D:1      | 691 ||| READING scroll labelled JAIBRU ATREDGH.
   692 | D:1      | 692 ||| READING scroll labelled DAPTOU MUSANUS.
   693 | D:1      | 693 ||| READING 2 scrolls labelled MOTADU YKLE.
   693 | D:1      | 693 ||| IDENTIFYING metallic orange potion
   694 | D:1      | 694 ||| READING scroll of identify.
   694 | D:1      | 694 ||| IDENTIFYING white potion
   695 | D:1      | 695 ||| READING scroll labelled CEX LICRINGEENIFE.
   695 | D:1      | 695 ||| ENCHANTING +0 shortbow.
   696 | D:1      | 696 ||| DRINKING 2 murky yellow potions.
   697 | D:1      | 697 ||| DROPPING scroll of butterflies.
   698 | D:1      | 698 ||| DROPPING potion of berserk rage.
   757 | D:2      | HP: 5/24 [jackal (3)]
   758 | D:2      | 758 ||| DRINKING potion of heal wounds.
   760 | D:2      | Reached XP level 3. HP: 26/29 MP: 5/5
   827 | D:2      | 827 ||| FLEEEEING.
   828 | D:2      | 828 ||| FLEEEEING.
   829 | D:2      | 829 ||| FLEEEEING.
   830 | D:2      | 830 ||| FLEEEEING.
   993 | D:2      | HP: 7/29 [gnoll/+0 halberd (6)]
   997 | D:2      | Reached skill level 5 in Ranged Weapons
  1001 | D:2      | Reached XP level 4. HP: 12/36 MP: 6/6
  1456 | D:2      | 1456 ||| UPGRADING to +0 ring mail.
  1466 | D:2      | 1466 ||| DROPPING +0 leather armour.
  1467 | D:2      | 1467 ||| READING scroll of identify.
  1467 | D:2      | 1467 ||| IDENTIFYING purple potion
  1468 | D:2      | 1468 ||| READING scroll labelled FOONAJ FISA.
  1473 | D:2      | 1473 ||| DRINKING 2 fizzy red potions.
  1474 | D:2      | 1474 ||| DROPPING potion of invisibility.
  1628 | D:3      | Reached skill level 1 in Armour
  1742 | D:3      | HP: 9/36 [hobgoblin (3)]
  1743 | D:3      | Slain by an orc

Levels and vault maps discovered:
D:1:      eino_arrival_cavern_d, layout_loops_cross,
          chequers_ecumenical_altar_grove
D:2:      layout_loops_ring
D:3:      layout_basic, mainiacjoe_overflow_big_doors, uniq_jessica

Skill      XL: |  1  2  3  4 |
---------------+-------------+-----
Ranged Weapons | 4 5 |  5.2
Fighting       | 2 |  2.0
Dodging        | 2 |  2.1
Armour         | 1 |  1.0
Stealth        | |  0.8

Action                     |  1- 3 |  4- 6 || total
---------------------------+-------+-------++-------
   Fire: Shortbow          |   114 |    63 ||   177
    Use: Scroll            |     6 |     2 ||     8
         Potion            |     2 |     1 ||     3
 Armour: Leather armour    |    45 |     3 ||    48
         Ring mail         |       |    29 ||    29
  Dodge: Dodged            |    54 |    25 ||    79

Table legend:
 A = Non-vault XP
 B = Vault XP
 C = Vault XP percentage of total XP
 D = Non-vault monster count
 E = Vault monster count
 F = Vault count percentage of total count
                 A         B        C        D         E       F
            +---------+---------+-------+---------+---------+-------
      Total |     184 |       0 |   0.0 |      62 |       0 |   0.0
            +---------+---------+-------+---------+---------+-------
        D:1 |      42 |       0 |   0.0 |      27 |       0 |   0.0
        D:2 |      99 |       0 |   0.0 |      21 |       0 |   0.0
        D:3 |      43 |       0 |   0.0 |      14 |       0 |   0.0
            +---------+---------+-------+---------+---------+-------
